 Dungeon Crawl Stone Soup version 0.28.0 (webtiles) character file.

Game seed: 11296221464577963029

36 trckry the Vexing (level 3, -7/26 HPs)
             Began as a Demonspawn Wanderer on Feb 12, 2022.
             Was a Plaything of Xom.
             Mangled by Eustachio (11 damage)
             ... on level 4 of the Dungeon.
             The game lasted 00:02:23 (1290 turns).

trckry the Vexing (Demonspawn Wanderer)             Turns: 1290, Time: 00:02:24

Health: -7/26      AC:  3    Str: 14    XL:     3   Next: 19%
Magic:  4/4        EV: 12    Int: 12    God:    Xom [..*...]
Gold:   22         SH:  0    Dex: 13    Spells: 3/4 levels left

rFire   . . .      SeeInvis .   a - +0 shortbow
rCold   . . .      Faith    .   (shield currently unavailable)
rNeg    . . .      Spirit   .   d - +0 robe
rPois   .          Reflect  .   (no helmet)
rElec   .          Harm     .   c - +0 cloak
rCorr   .          Rampage  .   (no gloves)
Will    .....                   (no boots)
Stlth   ++........              (no amulet)
HPRegen 0.08/turn               (no ring)
MPRegen 0.18/turn               (no ring)

@: no status effects
A: magic regeneration, weakness stinger 1
a: Renounce Religion


You were on level 4 of the Dungeon.
You worshipped Xom.
You were a toy of Xom.
You visited 1 branch of the dungeon, and saw 4 of its levels.

You collected 22 gold pieces.

Inventory:

Hand Weapons
 a - a +0 shortbow (weapon)
Missiles
 b - 6 arrows (quivered ammo)
Armour
 c - a +0 cloak (worn)
 d - a +0 robe (worn)
Scrolls
 f - 6 scrolls of identify {unknown}
 i - a scroll of fear {unknown}
Potions
 e - a potion of haste {unknown}
 g - a potion of heal wounds {unknown}
 h - a potion of lignification {unknown}


   Skills:
 + Level 1.5 Fighting
 - Level 1.7 Bows
 + Level 1.3 Armour
 + Level 1.3 Dodging
 - Level 2.6 Stealth
 - Level 1.0 Spellcasting
 - Level 3.0 Hexes
 - Level 1.2 Invocations


You had 3 spell levels left.
You knew the following spells:

 Your Spells              Type           Power      Damage    Failure   Level
a - Slow                  Hex            28%        N/A       9%          1

Your spell library contained the following spells:

 Spells                   Type           Power      Damage    Failure   Level
 Inner Flame              Hex/Fire       4%         N/A       43%         3
 Summon Guardian Golem    Hex/Summ       4%         N/A       43%         3


Dungeon Overview and Level Annotations

Branches:
Dungeon (4/15)
 Temple: D:4-7

Altars:
Xom

Annotations:
D:4 Eustachio


Innate Abilities, Weirdness & Mutations

You regenerate magic rapidly.
You have a small tail.


Message History

Press: ? - help, Q - select action, (/) - cycle Shift-Dir - straight line, f/p - Eustachio
Aim: Eustachio, wielding a +2 rapier of electrocution and wearing a +2 leather armour of cold resistance (moderately wounded, 43% to hit)
You shoot an arrow. The arrow barely misses the iron imp.
The arrow hits Eustachio.
Eustachio is moderately wounded.
The iron imp closely misses you.
Eustachio brags, "I can call spirits from the vasty deep."
Eustachio gestures wildly while chanting.
Fire: 10 arrows
Press: ? - help, Q - select action, (/) - cycle Shift-Dir - straight line, f/p - Eustachio
Aim: Eustachio, wielding a +2 rapier of electrocution and wearing a +2 leather armour of cold resistance (moderately wounded, 43% to hit)
You shoot an arrow. The arrow hits the iron imp.
The iron imp is heavily wounded.
The iron imp barely misses you.
Fire: 9 arrows
Press: ? - help, Q - select action, (/) - cycle Shift-Dir - straight line, f/p - Eustachio
Aim: Eustachio, wielding a +2 rapier of electrocution and wearing a +2 leather armour of cold resistance (moderately wounded, 43% to hit)
You shoot an arrow. The arrow closely misses the bat.
The arrow hits Eustachio but does no damage.
Eustachio is moderately wounded.
The iron imp disappears in a puff of smoke!
The bat hits you. The bat hits you but does no damage.
Fire: 8 arrows
Press: ? - help, Q - select action, (/) - cycle Shift-Dir - straight line, f/p - Eustachio
Aim: Eustachio, wielding a +2 rapier of electrocution and wearing a +2 leather armour of cold resistance (moderately wounded, 43% to hit)
You shoot an arrow. The arrow hits Eustachio.
Eustachio is heavily wounded.
The bat barely misses you. Eustachio completely misses you.
Fire: 7 arrows
Press: ? - help, Q - select action, (/) - cycle Shift-Dir - straight line, f/p - Eustachio
Aim: Eustachio, wielding a +2 rapier of electrocution and wearing a +2 leather armour of cold resistance (heavily wounded, 43% to hit)
You shoot an arrow. The arrow closely misses Eustachio.
The bat barely misses you. Eustachio closely misses you.
The bat hits you but does no damage.
Eustachio hits you with a +2 rapier of electrocution!
* * * LOW HITPOINT WARNING * * *
A shower of butterflies erupts from you!
You are electrocuted!
You die...
Xom guffaws!

#..# ....
..### ....
#####.#
#.....# #.
#.##..#
#..#.##..#####
..$.......bb@#
..........b@##
.........##b#
..........((#
##.###.####(#
... .....(((#
.. ..........
#..#####.(##
#.. #.##


You could see Eustachio (ally target) and 2 bats.

Vanquished Creatures
  A gnoll (D:1)
  A worm (D:3)
  A dart slug (D:1)
  4 ball pythons (D:1)
  4 endoplasms (D:1)
  2 giant cockroaches (D:1)
  A hobgoblin (D:1)
  2 quokkas (D:1)
  2 bats (D:1)
  3 rats (D:1)
21 creatures vanquished.

Notes
Turn   | Place    | Note
-------+----------+-------------------------------------------
     0 | D:1      | trckry the Demonspawn Wanderer began the quest for the Orb.
     0 | D:1      | trckry set off with the following items: a +0 shortbow, 25
                  | arrows, a +0 cloak, a +0 robe; and the following spell
                  | memorised: Slow; and the following spells available to
                  | memorise: Inner Flame, Summon Guardian Golem
     0 | D:1      | Reached XP level 1. HP: 13/13 MP: 2/2
   167 | D:1      | Gained mutation: You have a small tail. [demonic ancestry]
   167 | D:1      | Reached XP level 2. HP: 16/20 MP: 3/3
   173 | D:1      | Found a faded altar of an unknown god.
   178 | D:1      | Prayed at the altar of an unknown god.
   178 | D:1      | Became a worshipper of Xom of Bone-Dry Humour
   267 | D:1      | Reached skill level 1 in Fighting
   267 | D:1      | Reached skill level 1 in Armour
   267 | D:1      | Reached skill level 1 in Dodging
   280 | D:1      | XOM: silly message
   485 | D:1      | Gained mutation: You regenerate magic rapidly. [demonic
                  | ancestry]
   485 | D:1      | Reached XP level 3. HP: 26/26 MP: 4/4
   503 | D:1      | XOM: silly message
   886 | D:1      | XOM: silly message
  1164 | D:1      | XOM: divination: detect items
  1256 | D:4      | Noticed Eustachio
  1290 | D:4      | XOM: butterfly on damage
  1290 | D:4      | Mangled by Eustachio

Illustrated notes

Levels and vault maps discovered:
D:1:      elethiomel_arrival_maze, layout_basic,
          shapermc_ecumenical_altar_mp_vishouse
D:2:      layout_basic
D:3:      layout_rooms, lemuel_doored_altar
D:4:      layout_basic, gammafunk_ghost_arena, serial_shops, shop,
          kennysheep_orc_chapel, uniq_eustachio, uniq_crazy_yiuf_cottage,
          uniq_ijyb

Skill      XL: |  1  2 |
---------------+-------+-----
Fighting       | 1 |  1.5
Armour         | 1 |  1.3
Dodging        | 1 |  1.3
Bows           | |  1.7
Stealth        | |  2.6
Spellcasting   | |  1.0
Hexes          | |  3.0
Invocations    | |  1.2

Action                   || total
-------------------------++-------
 Fire: Shortbow          ||    70
Armor: Robe              ||     4
Dodge: Dodged            ||    13
